 Dungeon Crawl Stone Soup version 0.19-a0-78-g674c7a4 (webtiles) character file.

154 Lugonue the Skirmisher (level 5, -2/42 HPs)
             Began as a Demonspawn Chaos Knight on May 13, 2016.
             Slain by a fire vortex (23 damage)
             ... summoned by the capriciousness of Xom
             ... on level 3 of the Dungeon.
             The game lasted 00:06:01 (1683 turns).

Lugonue the Skirmisher (Demonspawn Chaos Knight)    Turns: 1683, Time: 00:06:02

Health: -2/42      AC:  8    Str: 12    XL:     5   Next: 13%
Magic:  5/5        EV: 12    Int: 14    God:    Xom [..*...]
Gold:   118        SH:  0    Dex: 13    Spells: 0 memorised, 4 levels left

rFire  . . .     SeeInvis .     a - +0 falchion (chaos)
rCold  . . .     Gourm    .     b - +3 leather armour
rNeg   . . .     Faith    .     (no shield)
rPois  .         Spirit   .     (no helmet)
rElec  .         Dismiss  .     (no cloak)
rCorr  .         Reflect  .     (no gloves)
SustAt .         Harm     .     (no boots)
MR     .....                    (no amulet)
Stlth  ++........               (no ring)
                                j - ring of stealth

@: not resistant to hostile enchantments, unstealthy
A: thin metallic scales 1, powered by pain 1
a: Renounce Religion


You were on level 3 of the Dungeon.
You worshipped Xom.
You were a toy of Xom.
You were not hungry.

You visited 1 branch of the dungeon, and saw 3 of its levels.

You collected 118 gold pieces.

Inventory:

Hand Weapons
 a - a +0 falchion of chaos (weapon)
Missiles
 m - a throwing net (quivered)
Armour
 b - a +3 leather armour (worn)
Jewellery
 j - a ring of stealth (left hand)
Potions
 d - a potion of agility
 e - a potion of haste
 f - a potion of lignification
 i - a potion of flight {unknown}
 l - a potion of might {unknown}
Comestibles
 c - a bread ration
 h - a beef jerky


   Skills:
 + Level 4.0 Fighting
 + Level 3.6 Long Blades
 + Level 2.4 Armour
 + Level 2.2 Dodging
 + Level 0.2 Stealth


You had 4 spell levels left.
You didn't know any spells.

Dungeon Overview and Level Annotations

Branches:
Dungeon (3/15)

Altars:


Innate Abilities, Weirdness & Mutations

You are partially covered in thin metallic scales (AC +2).
You sometimes gain a little power by taking damage.


Message History

You hit the bat. You burn the bat.
You kill the bat!
No target in view!
No target in view!
No target in view!
You see here a bat corpse.
You butcher the bat corpse.
g - a chunk of flesh Eat a chunk of flesh? (ye/n/q/i?) This raw flesh tastes terrible.
You continue eating. x2
A gnoll comes into view. It is wielding a spear.
Xom's attention turns to you for a moment.
Fire whirls out from your nose!
The gnoll moves out of view.
A fire vortex comes into view.
You barely miss the fire vortex. The fire vortex hits you.
The fire vortex burns you!
Ouch! That really hurt!
You die...
Xom yawns loudly!

#..# #.# #.#..#.##.#***#.**,****
#..# #.# #.#..#.##.# #.#*,*,,,
#,,**#.#**#.#..#.##.# #.#*,*,**
*,,,,...,,..#..#.##.#####.#*,*,**
*,,,,,,,,,,,#..............,,,,,,
,,,,,******,##.#.##.#####.#******
**,*,* *,*#.#.##.#####.#######
*,*,*****#.##.#.##..............
*,*,,,,,,.....#@##.(####.#######
*,,,,,,,..........)))..).#
********##..........######
############


There were no monsters in sight!

Vanquished Creatures
  4 adders
  5 gnolls (D:3)
  An ooze (D:1)
  2 giant geckos
  6 orcs (D:3)
  3 giant cockroaches
  7 goblins
  7 hobgoblins
  4 jackals
  5 kobolds
  2 quokkas
  8 bats
  A giant newt (D:3)
  3 rats (D:2)
58 creatures vanquished.

Notes
Turn   | Place    | Note
--------------------------------------------------------------
     0 | D:1      | Lugonue the Demonspawn Chaos Knight began the quest for the Orb.
     0 | D:1      | Reached XP level 1. HP: 18/18 MP: 1/1
   205 | D:1      | Gained mutation: You sometimes gain a little power by taking damage. [demonic ancestry]
   205 | D:1      | Reached XP level 2. HP: 24/24 MP: 2/2
   350 | D:1      | XOM: silly message
   451 | D:2      | XOM: potion effect (berserk rage)
   455 | D:2      | Reached skill level 1 in Dodging
   455 | D:2      | Reached XP level 3. HP: 29/29 MP: 3/3
   465 | D:2      | XOM: smoke on damage
   466 | D:2      | XOM: potion effect (haste)
   493 | D:2      | XOM: harmless Conj miscast
   879 | D:2      | XOM: harmless Ice miscast
   911 | D:2      | XOM: colour smoke trail
   921 | D:2      | Gained mutation: You are partially covered in thin metallic scales (AC +2). [demonic ancestry]
   921 | D:2      | Reached XP level 4. HP: 20/37 MP: 4/4
  1338 | D:3      | XOM: enchant monster (good)
  1658 | D:3      | Reached XP level 5. HP: 24/42 MP: 5/5
  1664 | D:3      | Reached skill level 4 in Fighting
  1682 | D:3      | XOM: mild Fire miscast
  1683 | D:3      | Slain by a fire vortex

Vault maps used:
D:1:      roderic_dead_forest, eino_curves_01, st_stairs_12
D:2:      wad_river_or_something
D:3:      portal_sewer_entry_d

Skill      XL: |  1  2  3  4  5 |
---------------+----------------+-----
Armour         | 2 |  2.4
Long Blades    | 3 |  3.6
Dodging        | 1 2 |  2.2
Fighting       | 4 |  4.0
Stealth        | |  0.2

Action                   |  1- 3 |  4- 6 || total
-------------------------+-------+-------++-------
Melee: Falchion          |   102 |    75 ||   177
Throw: Throwing net      |       |     2 ||     2
  Use: Scroll            |     5 |     3 ||     8
 Stab: Paralysed         |       |     4 ||     4
       Held in net/web   |       |     1 ||     1
       Petrifying        |       |     1 ||     1
       Sleeping          |       |     1 ||     1
  Eat: Chunk             |     1 |     3 ||     4
Armor: Leather armour    |    43 |    23 ||    66
Dodge: Dodged            |    45 |    40 ||    85
